 Dungeon Crawl Stone Soup version 0.28-a0-852-gbbce81c95b (webtiles) character file.

Game seed: 17020039600552824345

991 BreadTh the Twirler (level 8, -5/68 HPs)
             Began as a Hill Orc Fire Elementalist on Nov 15, 2021.
             Slain by an ice beast (6 damage)
             ... on level 6 of the Dungeon on Nov 19, 2021.
             The game lasted 00:29:22 (7197 turns).

BreadTh the Twirler (Hill Orc Fire Elementalist)    Turns: 7197, Time: 00:29:23

Health: -5/68      AC:  6    Str: 11    XL:     8   Next: 18%
Magic:  6/10       EV: 12    Int: 15    God:
Gold:   225        SH:  0    Dex: 13    Spells: 4/10 levels left

rFire   . . .      SeeInvis .   i - +4 quarterstaff (chaos)
rCold   . . .      Faith    .   (shield currently unavailable)
rNeg    . . .      Spirit   .   j - +2 animal skin
rPois   .          Reflect  .   k - +0 helmet
rElec   .          Harm     .   p - +0 cloak
rCorr   .          Rampage  .   (no gloves)
Will    .....                   (no boots)
Stlth   +++.......              (no amulet)
HPRegen 0.21/turn               (no ring)
MPRegen 0.12/turn               (no ring)

@: very slightly contaminated
A: no striking features
a: no special abilities


You were on level 6 of the Dungeon.
You visited 1 branch of the dungeon, and saw 6 of its levels.

You collected 225 gold pieces.

Inventory:

Hand Weapons
 e - a +1 whip of freezing
 i - a +4 quarterstaff of chaos (weapon)
 o - a +1 dagger of speed
Missiles
 v - a curare-tipped dart
 w - 2 poisoned darts
Armour
 j - a +2 animal skin (worn)
 k - a +0 helmet (worn)
 m - a +0 scale mail
 p - a +0 cloak (worn)
 t - a +2 tower shield
Wands
 r - a wand of polymorph (6)
 s - a wand of iceblast (9)
 y - a wand of acid (7)
Scrolls
 a - a scroll of noise {unknown}
 b - 2 scrolls of teleportation
 c - 2 scrolls of torment {unknown}
 f - a scroll of amnesia {unknown}
 h - 2 scrolls of enchant weapon {unknown}
 l - a scroll of fear {unknown}
 n - 2 scrolls of vulnerability {unknown}
 q - 6 scrolls of identify {unknown}
 u - a scroll of magic mapping {unknown}
 x - a scroll of blinking {unknown}
Potions
 d - a potion of attraction {unknown}
 g - a potion of berserk rage {unknown}
 z - a potion of resistance
 A - a potion of curing {unknown}
 B - a potion of magic {unknown}


   Skills:
 - Level 5.0 Fighting
 * Level 5.9 Staves
 - Level 1.5 Dodging
 + Level 4.5 Stealth
 - Level 1.5 Spellcasting
 - Level 1.0 Conjurations
 - Level 3.2 Fire Magic


You had 4 spell levels left.
You knew the following spells:

 Your Spells              Type           Power      Damage    Failure   Level
a - Foxfire               Conj/Fire      28%        2x1d5     10%         1
b - Conjure Flame         Conj/Fire      7%         6-21      28%         3
c - Scorch                Fire           22%        2d6       9%          2

Your spell library contained the following spells:

 Spells                   Type           Power      Damage    Failure   Level
 Animate Skeleton         Necr           2%         N/A       24%         1
 Apportation              Tloc           2%         N/A       24%         1
 Beastly Appendage        Tmut           2%         N/A       24%         1
 Sting                    Tmut/Pois      4%         1d3       24%         1
 Summon Small Mammal      Summ           4%         N/A       24%         1
 Poisonous Vapours        Pois/Air       2%         N/A       34%         2
 Wereblood                Tmut           1%         N/A       34%         2
 Inner Flame              Hex/Fire       6%         N/A       34%         3
 Spider Form              Tmut/Pois      1%         N/A       56%         3
 Flame Wave               Conj/Fire      7%         3d4       67%         4
 Olgreb's Toxic Radiance  Pois           1%         N/A       93%         4


Dungeon Overview and Level Annotations

Branches:
Dungeon (6/15)
 Temple: D:4-7

Altars:
Dithmenos
Okawaru


Message History

The ice beast is heavily wounded.
The ice beast hits you. The ice beast freezes you.
You barely miss the ice beast.
The ice beast is heavily wounded.
The ice beast hits you. The ice beast freezes you.
You barely miss the ice beast.
The ice beast is heavily wounded.
The dart slug launches a dart at you.
The slug dart hits you but does no damage.
The ice beast misses you.
Casting: Foxfire (safe; 10% risk of failure)
Confirm with . or Enter, or press ? or * to list all spells.
You conjure some foxfire!
The ice beast hits you but does no damage.
Casting: Foxfire (safe; 10% risk of failure)
Confirm with . or Enter, or press ? or * to list all spells.
You miscast Foxfire.
You are very lightly contaminated with residual magic.
Nothing appears to happen.
The foxfire hits the ice beast.
The ice beast melts!
The ice beast is severely wounded.
The foxfire hits the ice beast.
The ice beast melts!
The ice beast is severely wounded.
The ice beast hits you but does no damage.
Casting: Foxfire (safe; 10% risk of failure)
Confirm with . or Enter, or press ? or * to list all spells.
You conjure some foxfire!
The ice beast hits you.
* * * LOW HITPOINT WARNING * * *
The ice beast freezes you!
* * * LOW HITPOINT WARNING * * *
Unknown command.
The foxfire hits the ice beast but does no damage.
The ice beast is severely wounded.
The foxfire hits the ice beast but does no damage.
The ice beast is severely wounded.
Casting: Foxfire (safe; 10% risk of failure)
Confirm with . or Enter, or press ? or * to list all spells.
You miscast Foxfire.
Nothing appears to happen.
The ice beast hits you.
* * * LOW HITPOINT WARNING * * *
The ice beast freezes you.
You die...

.......##.........# ..
...##..#..#.≈≈.≈≈.....# #.#
.............≈≈≈≈≈≈≈...... ..
...........#≈≈≈≈≈≈≈≈≈≈........
..........≈≈###≈≈≈≈≈≈≈#....
.....#.##.≈≈#≈≈≈≈≈##≈≈≈..
.........≈#≈≈≈≈≈≈≈≈≈≈w#≈.
.......#≈≈≈≈≈≈≈≈≈≈≈≈≈≈≈≈≈
.#.##...≈≈≈..≈≈.@§≈≈w≈≈≈≈
##..#†...≈#(....Y../.)≈≈.
.##.....≈≈≈.≈≈#..<#...≈#≈
..#...#.≈≈≈≈.≈≈≈≈≈≈≈≈≈≈≈≈
#........≈≈≈≈≈≈≈≈≈≈≈≈≈≈≈.
###.......≈≈≈≈#≈≈≈≈≈≈≈≈..
##.....#≈≈≈≈≈≈≈≈≈≈≈≈≈..
#....###≈≈≈≈≈≈≈≈≈≈≈...
......###!≈≈≈≈≈≈≈....


You could see an ice beast (strong) and 2 dart slugs.

Vanquished Creatures
  A necrophage (D:5)
  A kobold brigand (D:5)
  Blork the orc (D:5)
  A bullfrog (D:6)
  A wyvern zombie (D:6)
  A scorpion (D:6)
  2 electric eels (D:6)
  An orc priest (D:4)
  3 hounds
  A bullfrog skeleton (D:6)
  Crazy Yiuf (D:2)
  A centaur skeleton (D:6)
  An iguana (D:5)
  3 orc wizards
  Robin (D:2)
  3 gnolls (D:4)
  A howler monkey skeleton (D:6)
  6 adders
  A shadow imp (D:6)
  2 worms
  6 dart slugs
  16 orcs
  6 ball pythons
  2 endoplasms
  3 giant cockroaches (D:4)
  8 goblins
  9 hobgoblins
  6 kobolds
  A quokka (D:1)
  4 bats
  3 frilled lizards
  4 rats
101 creatures vanquished.

Vanquished Creatures (collateral kills)
  A hobgoblin (D:4)
1 creature vanquished.

Vanquished Creatures (others)
  56 foxfires
56 creatures vanquished.

Grand Total: 158 creatures vanquished

Notes
Turn   | Place    | Note
-------+----------+-------------------------------------------
     0 | D:1      | BreadTh the Hill Orc Fire Elementalist began the quest for
                  | the Orb.
     0 | D:1      | Reached XP level 1. HP: 14/14 MP: 3/3
   201 | D:1      | Reached skill level 1 in Fighting
   207 | D:1      | Found a faded altar of an unknown god.
   243 | D:1      | Reached XP level 2. HP: 18/24 MP: 4/4
   837 | D:2      | Noticed Robin
  1116 | D:2      | Killed Robin
  1117 | D:2      | Reached XP level 3. HP: 20/31 MP: 5/5
  1566 | D:2      | Found a runed translucent door.
  1567 | D:2      | Noticed Crazy Yiuf
  2126 | D:2      | Learned a level 3 spell: Conjure Flame
  2462 | D:2      | Killed Crazy Yiuf
  2463 | D:2      | Reached XP level 4. HP: 41/41 MP: 0/6
  2831 | D:3      | Learned a level 2 spell: Scorch
  3065 | D:3      | Found a shadowy altar of Dithmenos.
  3068 | D:3      | Found an iron altar of Okawaru.
  3463 | D:4      | Reached skill level 1 in Staves
  3463 | D:4      | Reached XP level 5. HP: 36/47 MP: 7/7
  3689 | D:4      | Reached skill level 5 in Fighting
  4481 | D:5      | Entered Level 5 of the Dungeon
  4491 | D:5      | Noticed a necrophage
  4841 | D:4      | Reached XP level 6. HP: 56/56 MP: 4/8
  5385 | D:5      | Killed a necrophage
  5386 | D:5      | Reached XP level 7. HP: 53/61 MP: 5/9
  5589 | D:5      | Noticed Blork the orc
  5620 | D:5      | Killed Blork the orc
  6317 | D:6      | Reached skill level 5 in Staves
  6392 | D:6      | Reached XP level 8. HP: 18/68 MP: 4/10
  7197 | D:6      | HP: 1/68 [ice beast (4)]
  7197 | D:6      | Slain by an ice beast

Illustrated notes

Levels and vault maps discovered:
D:1:      lightli_arrival_noodles, layout_rooms,
          hellmonk_ecumenical_altar_leap_of_faith, dk_noncrumbling_4
D:2:      layout_basic, uniq_crazy_yiuf_cottage, uniq_robin
D:3:      layout_loops_ring, minitemple
D:4:      minmay_angry_zag, layout_gridville, minivault_25,
          roderic_roman_lattice, dk_noncrumbling_2
D:5:      layout_rooms, uniq_blork_the_orc
D:6:      kennysheep_slugbush, layout_layer_cave, serial_glass, glass_columns_b,
          glass_columns_c, glass_columns_a, glass_columns_a

Skill      XL: |  1  2  3  4  5  6  7 |
---------------+----------------------+-----
Fighting       | 1 3 4 5 |  5.0
Staves         | 1 2 3 5 |  5.9
Stealth        | 2 3 4 |  4.5
Dodging        | |  1.5
Spellcasting   | |  1.5
Conjurations   | |  1.0
Fire Magic     | |  3.2

Action                   |  1- 3 |  4- 6 |  7- 9 || total
-------------------------+-------+-------+-------++-------
Melee: Whip              |    61 |       |       ||    61
       Unarmed           |     2 |       |       ||     2
       Dagger            |    38 |       |       ||    38
       Quarterstaff      |       |   106 |    74 ||   180
 Cast: Foxfire           |    10 |    12 |    16 ||    38
       Conjure Flame     |     1 |     1 |       ||     2
       Scorch            |       |     3 |     1 ||     4
  Use: Scroll            |     1 |       |       ||     1
 Stab: Sleeping          |     2 |     2 |     2 ||     6
Armor: Robe              |     8 |       |       ||     8
       Animal skin       |       |    45 |    16 ||    61
Dodge: Dodged            |    71 |    74 |    46 ||   191

Table legend: (Time is in decaauts)
 A = Elapsed time spent in this place.
 B = Non-inter-level travel time spent in this place.
 C = Inter-level travel time spent in this place.
 D = Time resting spent in this place.
 E = Time spent auto-exploring this place.
 F = Levels seen in this place.
 G = Mean time per level.
                   A        B        C        D        E       F      G
               +--------+--------+--------+--------+--------+-----+--------+
         Total |   7204 |   7011 |    193 |   2407 |   2966 |   6 | 1200.7 |
       Dungeon |   7204 |   7011 |    193 |   2407 |   2966 |   6 | 1200.7 |
               +--------+--------+--------+--------+--------+-----+--------+

Top non-repeatable levels by time:
     D:2: 1828 daAuts
     D:4: 1505 daAuts
     D:6: 1104 daAuts
     D:3: 1039 daAuts
     D:5: 958 daAuts
     D:1: 768 daAuts
